 Dungeon Crawl Stone Soup version 0.20-a0-1020-g7b9e4fe (console) character file.

9823 nht the Grappler (level 11, -2/85 HPs)
             Began as a Yellow Draconian Transmuter on Apr 18, 2017.
             Was the Champion of Ru.
             Hit by a large rock thrown by a cyclops (22 damage)
             ... on level 11 of the Dungeon.
             The game lasted 00:26:50 (10779 turns).

nht the Grappler (Yellow Draconian Transmuter)     Turns: 10779, Time: 00:26:50

Health: -2/85      AC: 10    Str: 14    XL:     11   Next: 28%
Magic:  16/20      EV: 15    Int: 16    God:    Ru [******]
Gold:   500        SH:  0    Dex: 11    Spells: 11/22 levels left

rFire    . . .     SeeInvis .     - Unarmed
rCold    . . .     Gourm    .   (shield unavailable)
rNeg     . . .     Faith    .   (armour unavailable)
rPois    .         Spirit   .   (helmet restricted)
rElec    .         Reflect  .   k - +2 cloak
rCorr    +         Harm     .   (gloves currently unavailable)
MR       .....                  (no boots)
Stlth    +.........             w - amulet of rage
Regen    0.3/turn               (ring unavailable)
MPRegen  0.2/turn               e - +4 ring of evasion

@: exhausted, blade hand, drained
A: spit acid, acid resistance, unfitting armour, cold-blooded, missing a hand,
hated by all, inability to train dodging, AC +7
a: Breathe Acid, End Transformation, Draw Out Power, Power Leap, Apocalypse,
Renounce Religion, Evoke Berserk Rage


You were on level 11 of the Dungeon.
You worshipped Ru.
Ru was exalted by your worship.
You were hungry.
You had blades for hand.
You visited 2 branches of the dungeon, and saw 12 of its levels.

You collected 500 gold pieces.

Inventory:

Hand Weapons
 l - the +0 short sword "Nyalisiq" {flame, rElec Str+3}
   (You found it on level 4 of the Dungeon)

   It has been specially enchanted to burn those struck by it, causing extra
   injury to most foes and up to half again as much damage against particularly
   susceptible opponents.
   It affects your strength (+3).
   It insulates you from electricity.
Armour
 k - a +2 cloak (worn)
Jewellery
 e - a +4 ring of evasion (right scythe-like blade)
 o - an uncursed ring of protection from fire
 w - an amulet of rage (around neck)
Wands
 i - a wand of confusion (0/48)
 p - a wand of iceblast (0/15)
 x - a wand of scattershot (0/9)
Scrolls
 d - 4 scrolls of enchant weapon
 m - 2 scrolls of teleportation
 r - a scroll of remove curse
 s - a scroll of magic mapping
 t - 2 scrolls of immolation
 u - 2 scrolls of blinking
 y - a scroll of enchant armour
Potions
 f - a potion of mutation
 g - 2 potions of curing
 h - a potion of agility
 n - a potion of haste
 A - a potion of berserk rage
 D - 3 potions of lignification
 E - 2 potions of cancellation
 F - a potion of ambrosia
Books
 b - a book of Changes

   Spells                             Type                      Level
   a - Beastly Appendage              Transmutation                1
   b - Sticks to Snakes               Transmutation                2
   c - Spider Form                    Transmutation/Poison         3
   d - Ice Form                       Ice/Transmutation            4
   e - Blade Hands                    Transmutation                5
 v - a book of Cantrips

   Spells                             Type                      Level
   a - Confusing Touch                Hexes                        1
   b - Animate Skeleton               Necromancy                   1
   c - Summon Small Mammal            Summoning                    1
   d - Apportation                    Translocation                1
 z - a Young Poisoner's Handbook

   Spells                             Type                      Level
   a - Sting                          Conjuration/Poison           1
   b - Poisonous Vapours              Poison/Air                   2
   c - Mephitic Cloud                 Conjuration/Poison/Air       3
   d - Olgreb's Toxic Radiance        Poison                       4
   e - Venom Bolt                     Conjuration/Poison           5
Comestibles
 c - 4 bread rations
 j - 7 royal jellies
 q - 2 meat rations
 C - 3 fruits


   Skills:
 + Level 4.9(3.9) Fighting
 * Level 12.7(11.4) Unarmed Combat
 - Level 6.0(4.9) Spellcasting
 + Level 3.7(2.7) Hexes
 + Level 9.2(8.1) Transmutations


You had 11 spell levels left.
You knew the following spells:

 Your Spells              Type           Power        Failure   Level  Hunger
a - Confusing Touch       Hex            ##....       36%         1    None
b - Spider Form           Tmut/Pois      ###.......   50%         3    ###....
c - Sticks to Snakes      Tmut           ####....     14%         2    ##.....
d - Blade Hands           Tmut           ####......   58%         5    ######.


Dungeon Overview and Level Annotations

Branches:
Dungeon (11/15)            Temple (1/1) D:5             Orc (0/2) D:10
   Lair: D:8-11

Altars:
Ashenzari
Cheibriados
Dithmenos
Elyvilon
Fedhas
Gozag
Hepliaklqana
Kikubaaqudgha
Makhleb
Nemelex Xobeh
Okawaru
Qazlal
Ru
Sif Muna
Trog
Uskayaw
Vehumet
Wu Jian
Xom
Yredelemnul
Zin
The Shining One

Annotations:
D:5 1 runed door
D:7 1 runed door


Innate Abilities, Weirdness & Mutations

You can spit globs of acid.
You are resistant to acid.
Your golden yellow scales are hard. (AC +7)
You cannot fit into any form of body armour.
You are cold-blooded and may be slowed by cold attacks.
You are missing a hand.
You are hated by all.
You cannot train Dodging skill.


Message History

The bullfrog zombie hits you but does no damage.
Unknown command.
You slice the bullfrog zombie!!
The bullfrog zombie is severely damaged.
The bullfrog zombie hits you but does no damage.
You redirect the cyclops's attack!
The cyclops throws a large rock.
The large rock hits the bullfrog zombie!!
The bullfrog zombie is destroyed!
Evoke which item? (* to show all) (? for menu, Esc to quit)
Okay, then.
The cyclops throws a large rock.
The large rock hits you!!
You focus your will and blind the cyclops in retribution!
You see here a large rock.
The cyclops is no longer paralysed.
The cyclops throws a large rock.
The large rock hits you!!
* * * LOW HITPOINT WARNING * * *
You see here a large rock.
The cyclops throws a large rock.
The large rock hits you!!
You die...

...>C...................+.█.
......C.███.█......█....█.█.
.......(................█.█.
.........██.█..(...█+████...
........(██.█████...........
█....█.█.(..█ █...........
█....█.█...(█ .............
.... █.█....█ .............
..█ █.█...@█ .............
.. █.█...(█ .............
█......█ ............█
███.C... ......███████
██████. ..████ █ .. . .. ..
... .... ... ....


You could see 2 cyclopes.

Vanquished Creatures
  Erolcha (D:9)
  3 two-headed ogres
  A troll (D:9)
  2 hippogriffs (D:10)
  A yak (D:7)
  A human (D:7)
  3 hogs (D:7)
  2 hungry ghosts (D:10)
  The ghost of inmateoo the Sneak, an amateur BaAs of Hepliaklqana (D:4)
  Menkaure (D:6)
  Edmund (D:4)
  A water moccasin (D:7)
  2 orc warriors
  A sky beast (D:7)
  An ice beast (D:10)
  2 phantoms
  6 ogres
  9 centaurs
  3 big kobolds
  2 gnoll sergeants (D:9)
  5 bullfrogs
  A wyvern skeleton (D:7)
  4 scorpions
  8 killer bees
  2 howler monkeys
  18 wights
  A crimson imp (D:10)
  11 hounds
  5 orc priests
  A bullfrog skeleton (D:10)
  2 jellies
  9 orc wizards
  An iguana (D:5)
  3 worker ants
  2 killer bee zombies
  2 hound zombies
  A hound skeleton (D:10)
  A worker ant zombie (D:9)
  9 adders
  16 gnolls
  2 shadow imps (D:8)
  An adder zombie (D:7)
  3 adder skeletons
  5 worms
  4 dart slugs
  8 leopard geckos
  21 orcs
  A ball python (D:2)
  6 giant cockroaches
  6 goblins
  5 hobgoblins
  11 jackals
  5 quokkas
  7 bats
  4 frilled lizards
  3 jackal skeletons (D:4)
  21 kobolds
  11 rats
270 creatures vanquished.

Vanquished Creatures (others)
  A bullfrog zombie (D:11)
  An orc priest (D:10)
  A kobold (D:9)
3 creatures vanquished.

Grand Total: 273 creatures vanquished

Notes
Turn   | Place    | Note
-------+----------+-------------------------------------------
     0 | D:1      | nht the Draconian Transmuter began the quest for the Orb.
     0 | D:1      | Reached XP level 1. HP: 16/16 MP: 3/3
   212 | D:1      | Reached XP level 2. HP: 15/23 MP: 3/5
   438 | D:1      | Reached XP level 3. HP: 28/28 MP: 4/6
   760 | D:2      | Reached skill level 4 in Unarmed Combat
  1009 | D:2      | Learned a level 3 spell: Spider Form
  1410 | D:3      | Reached XP level 4. HP: 33/35 MP: 4/7
  1788 | D:3      | Reached XP level 5. HP: 40/40 MP: 6/8
  1872 | D:3      | Found a hide-covered altar of Uskayaw.
  2009 | D:4      | Noticed Edmund
  2031 | D:4      | Reached skill level 5 in Unarmed Combat
  2036 | D:4      | Reached XP level 6. HP: 34/47 MP: 9/9
  2042 | D:4      | Killed Edmund
  2042 | D:4      | Reached skill level 6 in Unarmed Combat
  2077 | D:4      | Noticed inmateoo's ghost (amateur BaAs)
  2148 | D:4      | Killed inmateoo's ghost
  2148 | D:4      | Your scales start taking on a golden yellow colour.
  2148 | D:4      | Reached XP level 7. HP: 33/52 MP: 10/10
  2398 | D:4      | Reached skill level 7 in Unarmed Combat
  2398 | D:4      | Reached skill level 5 in Transmutations
  2576 | D:4      | Found a deep blue altar of Sif Muna.
  2802 | D:4      | Got a slimy short sword
  2803 | D:4      | Identified the cursed +0 short sword "Nyalisiq" {flame, rElec Str+3} (You found it on level 4 of the Dungeon)
  2899 | D:4      | Learned a level 2 spell: Sticks to Snakes
  2999 | D:4      | You fall through a shaft for 2 floors!
  3014 | D:5      | Entered Level 5 of the Dungeon
  3082 | D:5      | Reached skill level 8 in Unarmed Combat
  3319 | D:4      | Reached XP level 8. HP: 49/59 MP: 11/11
  3576 | D:5      | Found a shimmering altar of Xom.
  3576 | D:5      | Found an ancient bone altar of Kikubaaqudgha.
  3577 | D:5      | Found a shimmering altar of Xom.
  3670 | D:5      | Found a runed door.
  3763 | D:5      | Learned a level 5 spell: Blade Hands
  3840 | D:5      | Found a runed door.
  3864 | D:5      | Found a white marble altar of Elyvilon.
  3865 | D:5      | Found a blossoming altar of Fedhas.
  3865 | D:5      | Found a sparkling altar of Nemelex Xobeh.
  3867 | D:5      | Found a hide-covered altar of Uskayaw.
  3873 | D:5      | Found a white marble altar of Elyvilon.
  3876 | D:5      | Found an opulent altar of Gozag.
  3876 | D:5      | Found a shadowy altar of Dithmenos.
  3877 | D:5      | Found a blossoming altar of Fedhas.
  3877 | D:5      | Found a shadowy altar of Dithmenos.
  3881 | D:5      | Found a staircase to the Ecumenical Temple.
  3888 | Temple   | Entered the Ecumenical Temple
  3963 | Temple   | Became a worshipper of Ru the Awakened
  4379 | D:5      | Reached skill level 9 in Unarmed Combat
  5301 | D:6      | Learned a level 1 spell: Confusing Touch
  5368 | D:6      | Reached XP level 9. HP: 52/64 MP: 7/12
  5377 | D:6      | Noticed Menkaure
  5383 | D:6      | Killed Menkaure
  5383 | D:6      | Reached skill level 10 in Unarmed Combat
  5970 | D:7      | Gained mutation: You are missing a hand. [Ru sacrifice]
  5970 | D:7      | Reached * piety under Ru
  5970 | D:7      | Reached ** piety under Ru
  5970 | D:7      | Reached *** piety under Ru
  6562 | D:7      | Reached skill level 11 in Unarmed Combat
  6672 | D:7      | Found a runed door.
  6672 | D:7      | Noticed a sixfirhy
  7100 | D:8      | Reached skill level 1 in Hexes
  7100 | D:8      | Reached XP level 10. HP: 50/73 MP: 6/16
  7662 | D:8      | Identified a scroll of acquirement
  7788 | D:8      | Gained mutation: You cannot train Dodging skill. [Ru sacrifice]
  7788 | D:8      | Reached **** piety under Ru
  7788 | D:8      | Reached ***** piety under Ru
  7831 | D:8      | Noticed a two-headed ogre
  7836 | D:8      | Killed a two-headed ogre
  7836 | D:8      | Reached skill level 5 in Spellcasting
  7848 | D:8      | Found a stormy altar of Qazlal.
  8611 | D:9      | Noticed a two-headed ogre
  8625 | D:9      | Killed a two-headed ogre
  8625 | D:9      | Reached skill level 12 in Unarmed Combat
  8833 | D:9      | Noticed a two-headed ogre
  8841 | D:9      | Killed a two-headed ogre
  8956 | D:9      | Noticed Erolcha
  8973 | D:9      | Killed Erolcha
  9183 | D:9      | Reached XP level 11. HP: 84/84 MP: 13/19
  9851 | D:10     | Entered Level 10 of the Dungeon
  9958 | D:10     | Gained mutation: You are hated by all. [Ru sacrifice]
  9958 | D:10     | Reached ****** piety under Ru
 10090 | D:10     | Found a staircase to the Orcish Mines.
 10779 | D:11     | Hit by a large rock thrown by a cyclops

Vault maps used:
D:1:      eino_arrival_water_star
D:2:      first_bread
D:3:      lemuel_coloured_pillars_altar, minmay_goblin_outpost
D:4:      cheibrodos_quashed, serial_curves, eino_curves_03, eino_curves_01,
          tgw_sif, uniq_edmund
D:5:      lemuel_insect_pit, temple_doors_ab, solitary_fountain
D:6:      lemuel_upstairs_altar, uniq_menkaure
D:7:      cheibrodos_shockbox, grunt_decor_cap, grunt_livestock,
          minmay_misc_feat_roman
D:8:      nicolae_qazlal_eye_of_the_storm
D:9:      uniq_erolcha
D:10:     orc_0_dummy
D:11:     grunt_lair_entry_orc_guard_hut
Temple:   dpeg_three_leaves_temple

Skill      XL: |  1  2  3  4  5  6  7  8  9 10 11 |
---------------+----------------------------------+-----
Unarmed Combat | 4 5 6 8 9 11 12 | 12.7
Transmutations | 3 4 5 6 8 9 |  9.2
Spellcasting   | 4 5 6 |  6.0
Hexes          | 1 3 |  3.7
Fighting       | 4 |  4.9
Dodging        | 0 |  0.0

Action                   |  1- 3 |  4- 6 |  7- 9 | 10-12 || total
-------------------------+-------+-------+-------+-------++-------
Melee: Unarmed           |   140 |   134 |   332 |   315 ||   921
       Headbutt          |    13 |     2 |       |       ||    15
       Kick              |     7 |     6 |     1 |       ||    14
       Punch             |     2 |     2 |     3 |       ||     7
       Tailslap          |     9 |    13 |    28 |    27 ||    77
 Cast: Beastly Appendage |    30 |     8 |     3 |       ||    41
       Spider Form       |       |       |     8 |       ||     8
       Blade Hands       |       |       |     3 |    17 ||    20
       Confusing Touch   |       |       |       |     2 ||     2
       Sticks to Snakes  |       |       |       |     2 ||     2
Invok: Sacrifice a Hand  |       |       |     1 |       ||     1
       Sacrifice Nimblen |       |       |       |     1 ||     1
       Draw Out Power    |       |       |       |     1 ||     1
       Sacrifice Love    |       |       |       |     1 ||     1
 Abil: Breathe Acid      |       |       |    14 |     5 ||    19
Evoke: Wand              |       |       |    12 |     2 ||    14
  Use: Scroll            |     8 |     2 |     9 |     7 ||    26
       Potion            |       |     7 |     8 |     2 ||    17
 Stab: Invisible         |       |     1 |       |       ||     1
       Sleeping          |       |       |     2 |       ||     2
       Confused          |       |       |     2 |     1 ||     3
       Paralysed         |       |       |       |     2 ||     2
       Distracted        |       |       |       |     1 ||     1
  Eat: Chunk             |     2 |     3 |    16 |    13 ||    34
       Meat ration       |       |       |     1 |     1 ||     2
Armor: Skin              |    51 |    35 |    74 |    83 ||   243
Dodge: Dodged            |    87 |    93 |   207 |   170 ||   557
